Map: Odyssey LE

Players

Neeb - Winner!

  • Race: Protoss Protoss
  • Spawn Location: 11:00

SpeCIaL

  • Race: Terran Terran
  • Spawn Location: 5:00

Event: WCS Jonkoping 2017

VOD

https://youtu.be/LWAmtly3fOc

Description

Time

  • Played on: June 19, 2017, 9:43 a.m.
  • Length: 20:37

All games in this series

Show
View Real Time Build Order
Export as new Build Order

Neeb Protoss - Winner!

Build Orders: 1 Gate Expand, Oracle Opening, Phoenix Opening 

Get SALT Encoding   

  12  0:00  Probe (Chrono Boost)  
  13  0:11  Probe (Chrono Boost)  
  14  0:17  Pylon  
  14  0:22  Probe (Chrono Boost)  
  15  0:35  Probe (Chrono Boost)  
  16  0:37  Gateway  
  16  0:44  Assimilator  
  16  0:47  Probe (Chrono Boost)  
  17  0:57  Probe (Chrono Boost)  
  18  1:08  Probe (Chrono Boost)  
  19  1:20  Nexus  
  19  1:23  Probe (Chrono Boost)  
  20  1:34  Cybernetics Core  
  20  1:36  Probe (Chrono Boost)  
  20  1:41  Assimilator  
  21  1:47  Probe (Chrono Boost)  
  21  1:51  Pylon  
  21  1:57  Probe (Chrono Boost)  
  22  2:08  Probe (Chrono Boost)  
  23  2:10  Adept (Chrono Boost)  
  23  2:11  Warp Gate  
  25  2:20  Probe  
  26  2:29  Stargate  
  26  2:32  Probe  
  26  2:34  Probe, Adept (Chrono Boost)  
  30  2:44  Probe  
  31  2:45  Probe  
  32  2:55  Probe  
  32  2:56  Probe  
  32  2:58  Adept (Chrono Boost)  
  36  3:06  Probe  
  36  3:08  Probe  
  36  3:09  Oracle (Chrono Boost)  
  38  3:18  Probe (Chrono Boost)  
  38  3:19  Pylon  
  42  3:20  Probe (Chrono Boost)  
  43  3:31  Probe (Chrono Boost)  
  43  3:32  Mothership Core (Chrono Boost)  
  43  3:34  Pylon  
  47  3:42  Phoenix  
  47  3:43  Probe (Chrono Boost), Gateway  
  47  3:44  Gateway  
  49  3:50  Probe (Chrono Boost)  
  49  3:55  Probe (Chrono Boost)  
  51  4:00  Probe (Chrono Boost)  
  52  4:05  Phoenix  
  52  4:09  Probe (Chrono Boost)  
  54  4:13  Probe (Chrono Boost)  
  48  4:21  Probe (Chrono Boost)  
  50  4:24  Probe (Chrono Boost)  
  50  4:27  Phoenix  
  51  4:31  Nexus  
  51  4:33  Probe (Chrono Boost)  
  51  4:34  Probe (Chrono Boost)  
  53  4:45  Probe (Chrono Boost)  
  54  4:50  Probe (Chrono Boost)  
  55  4:55  Phoenix  
  55  4:56  Pylon  
  55  4:57  Probe (Chrono Boost)  
  58  5:00  Probe (Chrono Boost)  
  58  5:03  Adept  
  61  5:07  Pylon  
  61  5:08  Pylon  
  61  5:09  Pylon, Probe (Chrono Boost)  
  63  5:14  Probe (Chrono Boost)  
  63  5:17  Phoenix  
  65  5:21  Adept  
  65  5:24  Zealot  
  65  5:25  Adept  
  65  5:27  Probe (Chrono Boost)  
  72  5:33  Probe (Chrono Boost)  
  71  5:37  Probe (Chrono Boost)  
  70  5:44  Adept x2  
  70  5:45  Probe (Chrono Boost)  
  70  5:46  Probe (Chrono Boost), Assimilator  
  70  5:48  Probe (Chrono Boost), Assimilator  
  77  5:50  Phoenix  
  81  5:57  Probe x2 (Chrono Boost)  
  81  5:58  Probe (Chrono Boost)  
  81  6:02  Forge  
  82  6:07  Probe (Chrono Boost)  
  82  6:09  Probe x2 (Chrono Boost), Adept x2  
  89  6:18  Probe (Chrono Boost)  
  89  6:19  Probe (Chrono Boost), Phoenix  
  93  6:27  Probe (Chrono Boost), Pylon  
  93  6:30  Probe (Chrono Boost)  
  93  6:32  Probe (Chrono Boost)  
  95  6:33  Twilight Council  
  95  6:38  Pylon  
  95  6:39  Probe (Chrono Boost)  
  96  6:41  Probe (Chrono Boost)  
  96  6:45  Photon Cannon, Robotics Facility  
  97  6:47  Probe (Chrono Boost)  
  97  6:52  Phoenix  
  97  6:53  Photon Cannon  
  100  7:05  Probe (Chrono Boost)  
  100  7:06  Probe (Chrono Boost)  
  100  7:07  Probe (Chrono Boost)  
  103  7:09  Gateway  
  103  7:11  Gateway  
  103  7:12  Adept x3  
  103  7:13  Protoss Ground Weapons Level 1 (Chrono Boost)  
  103  7:14  Gateway  
  103  7:15  Resonating Glaives  
  109  7:18  Probe (Chrono Boost)  
  109  7:22  Probe (Chrono Boost)  
  110  7:23  Probe  
  110  7:27  Assimilator x2  
  111  7:30  Phoenix  
  111  7:34  Probe  
  114  7:39  Probe  
  114  7:40  Probe  
  110  7:52  Probe  
  110  7:54  Probe  
  110  7:57  Phoenix  
  110  7:59  Gateway  
  110  8:02  Pylon  
  110  8:03  Gateway  
  110  8:07  Observer (Chrono Boost)  
  110  8:08  Adept x3  
  115  8:14  Pylon  
  115  8:17  Pylon x2  
  113  8:20  Nexus  
  113  8:22  Phoenix  
  113  8:26  Observer (Chrono Boost), Adept x3  
  122  8:29  Pylon  
  122  8:33  Probe  
  122  8:34  Probe  
  122  8:35  Probe  
  122  8:44  Adept x3  
  122  8:47  Phoenix  
  128  8:59  Adept x2  
  116  9:04  Adept x5  
  116  9:07  Probe  
  116  9:08  Probe x2  
  116  9:09  Protoss Ground Armor Level 1 (Chrono Boost), Blink  
  129  9:12  Phoenix  
  129  9:16  Adept  
  131  9:18  Forge  
  122  9:31  Probe  
  122  9:32  Probe x2  
  122  9:34  Observer (Chrono Boost), Photon Cannon  
  122  9:37  Phoenix  
  126  9:46  Protoss Ground Weapons Level 2 (Chrono Boost)  
  126  9:52  Adept x8  
  142  9:56  Photon Cannon  
  140  10:04  Warp Prism (Chrono Boost)  
  142  10:13  Sentry x2, Stalker x5  
  156  10:26  Robotics Bay  
  156  10:28  Assimilator  
  156  10:29  Assimilator  
  156  10:31  Robotics Facility, Adept  
  156  10:32  Pylon  
  158  10:40  Immortal (Chrono Boost)  
  162  10:48  Stalker x7  
  168  11:07  Adept  
  170  11:15  Immortal (Chrono Boost)  
  152  11:19  Protoss Ground Armor Level 2  
  152  11:23  Adept  
  152  11:24  Adept x6  
  155  11:26  Probe x3  
  155  11:28  Observer (Chrono Boost)  
  152  11:50  Photon Cannon  
  152  11:53  Photon Cannon  
  158  11:54  Sentry  
  158  11:55  Colossus (Chrono Boost)  
  160  12:03  Adept x7  
  173  12:15  Probe x2  
  161  12:17  Probe  
  161  12:21  Colossus (Chrono Boost)  
  168  12:24  Probe  
  168  12:27  Probe  
  170  12:38  Nexus  
  170  12:48  Colossus (Chrono Boost)  
  158  12:53  Sentry x2, Stalker x2  
  158  12:54  Stalker  
  158  12:56  Protoss Ground Weapons Level 3  
  162  12:59  Charge  
  162  13:01  Stalker x3  
  168  13:08  Pylon, Colossus (Chrono Boost)  
  168  13:10  Gateway  
  168  13:11  Gateway  
  174  13:14  Gateway  
  174  13:17  Gateway  
  174  13:19  Photon Cannon  
  174  13:27  Stalker x5  
  174  13:29  Stalker  
  174  13:31  Pylon  
  182  13:39  Pylon  
  179  13:45  Assimilator  
  184  13:53  Colossus (Chrono Boost)  
  184  14:04  Adept x4  
  184  14:06  Dark Shrine  
  192  14:10  Pylon  
  192  14:15  Immortal (Chrono Boost)  
  194  14:27  Stalker x6  
  194  14:28  Stalker, Protoss Ground Armor Level 3  
  188  14:36  Adept x4  
  178  14:45  Immortal (Chrono Boost)  
  169  14:46  Adept  
  168  14:55  Stalker x7  
  174  15:04  Probe x3  
  173  15:09  Colossus (Chrono Boost)  
  170  15:24  Zealot x9  
  170  15:25  Zealot x3  
  178  15:37  Extended Thermal Lance (Chrono Boost)  
  138  15:46  Colossus (Chrono Boost)  
  138  15:47  Stalker x5  
  128  16:02  Sentry x2  
  128  16:03  Protoss Shields Level 1  
  133  16:04  Dark Templar, Disruptor (Chrono Boost)  
  133  16:05  Nexus  
  133  16:16  Pylon  
  133  16:23  Zealot x2, Sentry x2  
  133  16:24  Zealot x5  
  151  16:27  Pylon  
  151  16:36  Colossus  
  151  16:38  Colossus  
  163  16:57  Nexus  
  161  17:03  Sentry, Stalker x4  
  171  17:24  Dark Templar  
  171  17:25  Zealot x4  
  171  17:27  Zealot x4, Dark Templar  
  171  17:28  Zealot  
  193  17:35  Immortal  
  195  17:40  Observer  
  196  17:49  Adept x5  
  181  18:18  Stalker x4  
  189  18:26  Nexus  
  189  18:44  Immortal  
  189  18:49  Immortal  
  189  18:53  Dark Templar  
  197  19:02  Templar Archives  
  197  19:12  Stalker  
  167  19:31  Stalker x8  
  167  19:32  Stalker x2  
  140  20:04  Dark Templar x4  
  147  20:07  Zealot x4  
Show
View Real Time Build Order
Export as new Build Order

SpeCIaL Terran 

Build Orders: Reaper Expand, MMM Bio 

Get SALT Encoding   

  12  0:00  SCV  
  13  0:13  SCV  
  14  0:17  Supply Depot  
  14  0:25  SCV  
  15  0:28  Refinery  
  15  0:38  SCV  
  16  0:44  Barracks  
  16  0:50  SCV  
  17  1:03  SCV  
  18  1:15  SCV  
  19  1:31  Orbital Command, Reaper  
  20  1:47  Command Center  
  20  1:58  Factory  
  20  2:02  SCV  
  20  2:07  Barracks Reactor  
  21  2:14  Supply Depot  
  21  2:16  Refinery  
  21  2:18  SCV  
  22  2:31  SCV  
  23  2:42  Starport  
  23  2:43  Marine x2  
  25  2:45  SCV  
  25  2:51  Factory Reactor  
  26  2:59  Orbital Command  
  26  3:00  SCV  
  26  3:03  Marine x2  
  29  3:12  SCV  
  30  3:19  Medivac  
  32  3:20  Marine x2  
  32  3:24  SCV  
  32  3:26  Widow Mine x2  
  35  3:28  SCV  
  35  3:32  Supply Depot  
  40  3:38  Marine x2  
  40  3:39  SCV  
  43  3:43  SCV  
  44  3:55  Medivac  
  46  3:56  Marine x2  
  46  3:57  Widow Mine  
  46  3:58  Widow Mine  
  46  4:00  SCV x2  
  54  4:12  SCV  
  54  4:19  Supply Depot  
  54  4:23  Marine, SCV  
  54  4:31  Marine, SCV  
  54  4:40  Widow Mine x2  
  54  4:41  Marine, Medivac, SCV, Supply Depot  
  54  4:45  SCV  
  61  4:49  Marine  
  60  4:53  SCV, Barracks  
  60  4:55  Barracks  
  60  4:57  SCV  
  60  4:58  Marine  
  61  5:05  SCV  
  62  5:07  Marine, Supply Depot  
  62  5:09  SCV  
  62  5:10  Widow Mine x2  
  62  5:12  Medivac  
  68  5:16  Marine  
  68  5:17  SCV  
  68  5:21  SCV  
  68  5:25  Marine, Command Center  
  70  5:29  SCV  
  70  5:34  Marine  
  69  5:41  Widow Mine  
  69  5:42  Marine, Widow Mine  
  62  5:47  SCV x2  
  62  5:49  Barracks Tech Lab  
  65  5:50  Barracks Tech Lab  
  65  5:52  Marine, Supply Depot  
  65  5:59  SCV, Supply Depot  
  65  6:00  Marine  
  65  6:01  SCV  
  68  6:04  Refinery  
  68  6:10  Marine, Widow Mine x2  
  70  6:11  SCV  
  70  6:18  Marine  
  71  6:20  SCV  
  71  6:22  Marine x2  
  71  6:23  Stimpack, Combat Shields  
  71  6:24  SCV  
  74  6:25  Refinery  
  74  6:30  Engineering Bay  
  74  6:31  Engineering Bay  
  74  6:34  Marine  
  74  6:36  Marine  
  74  6:39  Orbital Command, Widow Mine x2  
  78  6:40  Marine  
  78  6:46  Starport Reactor  
  79  6:47  SCV x2  
  79  6:48  Marine  
  79  6:52  Marine  
  83  6:58  Missile Turret, Terran Infantry Weapons Level 1  
  83  6:59  Terran Infantry Armor Level 1  
  83  7:01  Missile Turret  
  83  7:02  Marine  
  83  7:03  Barracks  
  83  7:06  Marine x2  
  83  7:07  Barracks, Widow Mine x2  
  86  7:11  SCV x2, Orbital Command  
  88  7:16  Marine  
  88  7:19  Marine  
  88  7:23  SCV x2  
  88  7:26  Medivac x2  
  91  7:31  Marine  
  91  7:35  SCV x2  
  93  7:38  Widow Mine x2  
  93  7:43  Marine x3  
  98  7:48  Marine  
  86  7:51  SCV x2  
  86  7:56  SCV  
  86  8:03  SCV x2, Barracks Tech Lab  
  86  8:04  Barracks Reactor, Missile Turret  
  88  8:07  Widow Mine x2  
  88  8:08  SCV  
  93  8:15  SCV x2  
  93  8:22  SCV, Marine x2  
  93  8:24  Marauder x3  
  93  8:26  Concussive Shells  
  102  8:28  SCV  
  102  8:29  Supply Depot  
  102  8:31  SCV  
  102  8:32  Armory  
  102  8:34  SCV, Supply Depot  
  105  8:35  Widow Mine x2  
  105  8:40  SCV, Marine  
  107  8:41  Marine  
  107  8:42  Missile Turret  
  107  8:45  Marauder, SCV  
  107  8:46  SCV  
  106  8:50  Marine  
  106  8:51  Marauder, Marine x2  
  106  8:52  SCV  
  112  8:58  Marine, Medivac  
  112  8:59  Marine  
  111  9:04  Widow Mine  
  111  9:07  Marauder  
  111  9:08  Marine  
  111  9:09  Marine x2  
  118  9:12  Medivac  
  118  9:15  Marauder  
  118  9:16  Marine  
  122  9:17  SCV x2  
  122  9:20  Supply Depot  
  122  9:21  Supply Depot  
  117  9:28  Medivac, Widow Mine  
  117  9:31  Supply Depot x2  
  106  9:32  Widow Mine  
  106  9:35  Marine x3  
  109  9:41  Marine  
  109  9:42  Medivac  
  109  9:43  Terran Infantry Armor Level 2, Terran Infantry Weapons Level 2  
  109  9:45  Marine  
  113  9:52  Marauder, Marine x2  
  111  9:53  Marine  
  111  9:54  Marine  
  111  9:59  Marine  
  115  10:00  Widow Mine  
  115  10:01  Widow Mine  
  115  10:03  Marauder  
  115  10:05  Supply Depot  
  119  10:10  Marine x3  
  119  10:11  Supply Depot  
  119  10:14  Marauder  
  124  10:16  Ghost Academy  
  124  10:21  Marine  
  123  10:23  Marine  
  123  10:25  Marauder, Medivac x2  
  123  10:28  Marauder  
  131  10:29  Widow Mine x2, Supply Depot  
  131  10:35  Marauder, Marine  
  138  10:38  Marine  
  138  10:40  Missile Turret  
  138  10:42  Marine  
  138  10:45  Command Center  
  138  10:46  Marauder  
  138  10:47  Marine  
  138  10:48  SCV  
  138  10:49  Marauder  
  138  10:53  Marine  
  138  10:56  Marauder, Marine  
  141  11:00  Marine  
  141  11:05  Marine  
  141  11:08  Marauder  
  141  11:11  Marauder, Marine  
  143  11:14  Marine  
  143  11:18  Marauder, Marine  
  133  11:22  Widow Mine x2  
  133  11:23  Marine, Medivac x2  
  123  11:28  Marine  
  123  11:29  Marauder  
  123  11:30  SCV  
  123  11:31  SCV x2  
  123  11:32  Marauder, Marine  
  127  11:35  Marine  
  127  11:39  Marauder  
  130  11:41  Marine  
  130  11:46  Marine  
  121  11:50  Marauder, Marine, Widow Mine x2  
  121  11:53  Marine x2, Medivac x2  
  121  11:54  Barracks  
  134  11:58  Barracks  
  134  12:01  Marauder  
  136  12:09  Missile Turret  
  136  12:10  Marine  
  136  12:11  Marauder  
  129  12:15  Marine  
  129  12:18  Marine x2  
  129  12:19  Marauder  
  129  12:21  Planetary Fortress  
  129  12:22  SCV  
  116  12:27  Marine  
  116  12:28  Widow Mine x2  
  118  12:32  Terran Infantry Weapons Level 3  
  118  12:41  Ghost x2  
  118  12:42  Marine x2  
  120  12:47  SCV  
  120  12:48  SCV  
  120  12:50  Barracks Tech Lab  
  118  12:57  Terran Infantry Armor Level 3  
  117  12:59  Marine x2  
  117  13:02  SCV x3  
  117  13:05  Refinery, Missile Turret  
  122  13:06  Marine  
  122  13:07  Marauder, Marine, Widow Mine x2  
  122  13:10  Marine  
  122  13:11  Marauder, Barracks Reactor  
  133  13:14  SCV  
  133  13:16  Marauder, Marine x2  
  133  13:18  SCV x2, Refinery  
  140  13:24  Marine x2  
  142  13:28  Marauder, Marine  
  142  13:31  Marine  
  146  13:34  Marine x2  
  146  13:37  Marauder  
  146  13:42  Marine  
  146  13:43  Marine  
  146  13:46  Marauder  
  146  13:47  Viking x2  
  154  13:50  Marauder x2  
  154  13:52  Marine x2  
  154  13:54  Marine x2  
  162  13:59  Marauder  
  162  14:00  Marine  
  162  14:02  Marine  
  164  14:08  Marauder  
  166  14:10  Marine x2  
  166  14:11  Marauder x2  
  166  14:12  Command Center  
  166  14:14  Marine  
  166  14:17  Viking x2  
  175  14:20  Marauder  
  175  14:21  Marine x2  
  176  14:29  Marauder  
  166  14:32  Marauder  
  166  14:33  Marauder  
  154  14:38  Marine  
  154  14:41  Marauder  
  154  14:44  Marine  
  148  14:48  Marine x2  
  148  14:50  Marauder  
  154  14:53  Medivac x2  
  154  14:54  Marauder x2  
  154  14:57  Marine x2  
  154  14:58  Marine  
  149  15:03  Marauder  
  137  15:12  Marauder  
  134  15:15  Marauder x2, Marine  
  134  15:16  Orbital Command  
  134  15:17  Marine  
  135  15:24  Marauder, Viking x2  
  139  15:31  Marine  
  139  15:33  Marauder  
  127  15:37  Marauder x2  
  127  15:39  Marine x2  
  127  15:40  Marine  
  106  15:43  Marine x2  
  106  15:45  Marauder  
  106  15:49  Marine  
  98  15:54  Medivac x2  
  98  15:55  Marauder  
  98  15:57  Marine x2  
  98  15:58  Marauder x2, Marine  
  98  16:03  SCV x3  
  104  16:07  Marauder, Marine x3  
  109  16:15  SCV x2  
  109  16:16  Marauder, Planetary Fortress  
  109  16:17  SCV  
  109  16:18  Marine  
  115  16:19  Marauder  
  115  16:24  Medivac x2  
  121  16:29  Marine x4  
  121  16:30  Marauder, Marine  
  121  16:31  SCV x3  
  131  16:38  Marine x2  
  131  16:39  Marauder  
  133  16:42  Ghost  
  133  16:43  SCV x2  
  133  16:44  SCV  
  135  16:47  Marine  
  135  16:49  Missile Turret  
  135  16:50  Marine  
  135  16:51  Marauder  
  136  16:56  Marine  
  136  16:57  Marauder  
  136  17:00  Marine  
  136  17:01  Marauder  
  138  17:05  Marine x2  
  138  17:06  Marine  
  141  17:08  Marine  
  141  17:09  Liberator  
  141  17:11  Marine  
  141  17:12  Marauder  
  141  17:14  Liberator  
  145  17:16  Marine  
  145  17:18  Marauder  
  145  17:19  Marine  
  145  17:22  Marauder  
  151  17:29  Marauder  
  159  17:38  Ghost  
  159  17:41  Marine  
  159  17:42  Ghost  
  164  17:49  Marine x3  
  164  17:50  Marauder, Marine  
  168  18:01  Marauder  
  151  18:13  Marine  
  151  18:14  Marauder  
  151  18:18  Marauder, Marine  
  154  18:20  Marine  
  154  18:21  Marauder  
  154  18:25  Viking  
  154  18:26  Viking  
  154  18:27  Marauder, Marine x2  
  148  18:29  Marine  
  148  18:31  Marine  
  154  18:35  Marauder, Marine  
  154  18:39  Marauder  
  154  18:41  Marine  
  150  18:42  Marauder  
  150  18:44  Factory, Marine  
  153  18:48  Marauder  
  153  18:58  Viking x2  
  153  18:59  Marauder, Marine  
  153  19:01  Marauder, Marine x2  
  164  19:07  Marauder, Marine x3  
  169  19:11  Supply Depot  
  169  19:23  Marine  
  169  19:24  Marauder, Marine  
  167  19:25  Marauder, Marine  
  167  19:27  Marauder, Marine  
  167  19:30  Marine x2  
  167  19:31  Marauder  
  170  19:41  Marine  
  170  19:45  Marauder  
  171  19:47  Marine x3  
  171  19:48  Marauder, Marine  
  171  19:51  Marine  
  171  19:52  Marauder  
  141  19:54  Marine  
  116  20:00  Marine  
  116  20:05  Marine  
  116  20:06  Marauder x2  
  125  20:14  Marine  
  125  20:15  Marauder  
  125  20:16  Marine  
Tags
 
Add a new tag
Caveats
  • Supply blocks, unpowered buildings, or Contaminate may cause inaccurate times.
  • Supply counts are checked every 10 seconds.